SAA
SPRINGFIELD SHOOTERS @ LONG ISLAND SEAWOLVES
08/21/2030
 
TOP OF THE 1ST
Springfield Shooters batting - Pitching for Long Island Seawolves : RHP Jaime Gabriel
Pitching: RHP Jaime Gabriel
Batting: LHB César Gómes 0-0: Ball
1-0: Ball
2-0: Called Strike
2-1: Swinging Strike
2-2: Ball
3-2: Ground out 5-3 (Groundball, 5)
Batting: RHB Barrett Drury 0-0: Fly out, F8 (Flyball, 8RD)
Batting: LHB John Schaefer 0-0: Called Strike
0-1: Foul Ball, location: 2F
0-2: Strikes out swinging
Top of the 1st over - 0 runs, 0 hits, 0 errors, 0 left on base; Springfield 0 - Long Island 0
BOTTOM OF THE 1ST
Long Island Seawolves batting - Pitching for Springfield Shooters : LHP Mike McKay
Pitching: LHP Mike McKay
Batting: RHB Ricardo Pulido 0-0: Foul Ball, location: 2F
0-1: Ball
1-1: Ball
2-1: SINGLE (Flyball, 78M)
Batting: RHB Abad Lugo 0-0: Fly out, F2 (Popup, 23F)
Batting: RHB Alfredo Escalante 0-0: Ball
Ricardo Pulido steals 2nd base
1-0: Called Strike
1-1: Foul Ball, location: 2F
1-2: Foul Ball, location: 2F
1-2: Fly out, F7 (Flyball, 7LS)
Batting: RHB DeAndre Thomas 0-0: Ball
1-0: Fly out, F8 (Flyball, 8LD)
Bottom of the 1st over - 0 runs, 1 hit, 0 errors, 1 left on base; Springfield 0 - Long Island 0
TOP OF THE 2ND
Springfield Shooters batting - Pitching for Long Island Seawolves : RHP Jaime Gabriel
Batting: RHB Eun-bum Kim 0-0: Foul Ball, location: 2F
0-1: Ball
1-1: Ball
2-1: Foul Ball, location: 2F
2-2: Fly out, F3 (Popup, 34)
Batting: RHB Sébastien Bernard 0-0: Ball
1-0: Ball
2-0: Called Strike
2-1: Swinging Strike
2-2: Ball
3-2: Ground out 5-3 (Groundball, 56)
Batting: RHB Jack Stidston 0-0: Swinging Strike
0-1: Ball
1-1: SINGLE (Groundball, 56D)
Batting: LHB Guillermo Castro 0-0: Ball
1-0: Foul Ball, location: 2F
1-1: Called Strike
1-2: Strikes out swinging
Top of the 2nd over - 0 runs, 1 hit, 0 errors, 1 left on base; Springfield 0 - Long Island 0
BOTTOM OF THE 2ND
Long Island Seawolves batting - Pitching for Springfield Shooters : LHP Mike McKay
Batting: RHB Jeff MacCamie 0-0: Swinging Strike
0-1: Ball
1-1: Ball
2-1: Foul Ball, location: 2F
2-2: Ball
3-2: Foul Ball, location: 2F
3-2: Foul Ball, location: 2F
3-2: Foul Ball, location: 2F
3-2: Foul Ball, location: 2F
3-2: Foul Ball, location: 2F
3-2: Fly out, F7 (Flyball, 7S)
Batting: LHB Pedro Colón 0-0: Foul Ball, location: 2F
0-1: Ball
1-1: Ball
2-1: Foul Ball, location: 2F
2-2: Ground out 3-1 (Groundball, 34S)
Batting: RHB Emanuel Bree 0-0: Called Strike
0-1: Ball
1-1: Ball
2-1: Foul Ball, location: 2F
2-2: Foul Ball, location: 2F
2-2: Ball
3-2: Ground out 6-3 (Groundball, 6)
Bottom of the 2nd over - 0 runs, 0 hits, 0 errors, 0 left on base; Springfield 0 - Long Island 0
TOP OF THE 3RD
Springfield Shooters batting - Pitching for Long Island Seawolves : RHP Jaime Gabriel
Batting: RHB Mike Mays 0-0: Called Strike
0-1: Ball
1-1: Ball
2-1: SINGLE (Groundball, 56D)
Batting: RHB Júlio Barajas 0-0: Fly out, F7 (Flyball, 7)
Batting: LHB César Gómes 0-0: Ball
1-0: Ground out U3 (Groundball, 3)
Mike Mays to second
Batting: RHB Barrett Drury 0-0: SINGLE (Groundball, 6MD)
Mike Mays to third
Runner from 3rd tries for Home, SAFE, no throw
Batting: LHB John Schaefer 0-0: Fly out, F7 (Flyball, 7LDF)
Top of the 3rd over - 1 run, 2 hits, 0 errors, 1 left on base; Springfield 1 - Long Island 0
BOTTOM OF THE 3RD
Long Island Seawolves batting - Pitching for Springfield Shooters : LHP Mike McKay
Batting: RHB Dale Quick 0-0: Ball
1-0: Ball
2-0: Called Strike
2-1: Swinging Strike
2-2: Ground out 5-3 (Groundball, 56S)
Batting: SHB Josh Sanders 0-0: Called Strike
0-1: Ball
1-1: Foul Ball, location: 2F
1-2: Ball
2-2: Ground out 4-3 (Groundball, 34D)
Batting: RHB Ricardo Pulido 0-0: Ball
1-0: Swinging Strike
1-1: Foul Ball, location: 2F
1-2: Strikes out looking
Bottom of the 3rd over - 0 runs, 0 hits, 0 errors, 0 left on base; Springfield 1 - Long Island 0
TOP OF THE 4TH
Springfield Shooters batting - Pitching for Long Island Seawolves : RHP Jaime Gabriel
Batting: RHB Eun-bum Kim 0-0: Ball
1-0: Called Strike
1-1: Called Strike
1-2: Strikes out swinging
Batting: RHB Sébastien Bernard 0-0: Ball
1-0: Foul Ball, location: 2F
1-1: Ball
2-1: Ground out 4-3 (Groundball, 4MD)
Batting: RHB Jack Stidston 0-0: Called Strike
0-1: Swinging Strike
0-2: SINGLE (Flyball, 89S)
Batting: LHB Guillermo Castro 0-0: Fly out, F5 (Popup, 15S)
Top of the 4th over - 0 runs, 1 hit, 0 errors, 1 left on base; Springfield 1 - Long Island 0
BOTTOM OF THE 4TH
Long Island Seawolves batting - Pitching for Springfield Shooters : LHP Mike McKay
Batting: RHB Abad Lugo 0-0: Ball
1-0: Called Strike
1-1: Ground out 6-3 (Groundball, 6)
Batting: RHB Alfredo Escalante 0-0: Ball
1-0: Ball
2-0: Ground out 1-3 (Groundball, 13)
Batting: RHB DeAndre Thomas 0-0: Fly out, F7 (Flyball, 7LSF)
Bottom of the 4th over - 0 runs, 0 hits, 0 errors, 0 left on base; Springfield 1 - Long Island 0
TOP OF THE 5TH
Springfield Shooters batting - Pitching for Long Island Seawolves : RHP Jaime Gabriel
Batting: RHB Mike Mays 0-0: Ball
1-0: Called Strike
1-1: Ground out 6-3 (Groundball, 6)
Batting: RHB Júlio Barajas 0-0: Called Strike
0-1: Ground out 4-3 (Groundball, 34)
Batting: LHB César Gómes 0-0: Foul Ball, location: 2F
0-1: Ball
1-1: Foul Ball, location: 2F
1-2: Fly out, F4 (Line Drive, 34)
Top of the 5th over - 0 runs, 0 hits, 0 errors, 0 left on base; Springfield 1 - Long Island 0
BOTTOM OF THE 5TH
Long Island Seawolves batting - Pitching for Springfield Shooters : LHP Mike McKay
Batting: RHB Jeff MacCamie 0-0: Called Strike
0-1: SINGLE (Groundball, 6MD)
Batting: LHB Pedro Colón 0-0: Ball
1-0: Ball
2-0: Swinging Strike
2-1: Foul Ball, location: 2F
2-2: Foul Ball, location: 2F
2-2: Foul Ball, location: 2F
2-2: Ball
3-2: Foul Ball, location: 2F
3-2: Foul Ball, location: 2F
3-2: SINGLE (Groundball, 4S) (infield hit)
Jeff MacCamie to second
Batting: RHB Emanuel Bree 0-0: Foul Ball, location: 2F
0-1: Called Strike
0-2: Ball
1-2: Foul Ball, location: 2F
1-2: Strikes out looking
Batting: RHB Dale Quick 0-0: Called Strike
0-1: Ground out 5-3 (Groundball, 56)
Jeff MacCamie to third
Pedro Colón to second
Batting: SHB Josh Sanders 0-0: Ball
Passed Ball!
Jeff MacCamie scores
Pedro Colón to third
1-0: Ball
2-0: SINGLE (Groundball, 34S) (infield hit)
Pedro Colón scores
Batting: RHB Ricardo Pulido 0-0: Ball
Josh Sanders steals 2nd base
1-0: Called Strike
1-1: Swinging Strike
1-2: Ball
2-2: Ground out 6-3 (Groundball, 6)
Bottom of the 5th over - 2 runs, 3 hits, 0 errors, 1 left on base; Springfield 1 - Long Island 2
TOP OF THE 6TH
Springfield Shooters batting - Pitching for Long Island Seawolves : RHP Jaime Gabriel
Batting: RHB Barrett Drury 0-0: Ball
1-0: Foul Ball, location: 2F
1-1: Ball
2-1: Ball
3-1: Base on Balls
Batting: LHB John Schaefer 0-0: Ball
1-0: Fly out, F6 (Popup, 4MD)
Batting: RHB Eun-bum Kim 0-0: Fielders Choice at 2nd, 5-4 (Groundball, 5)
Batting: RHB Sébastien Bernard 0-0: Called Strike
0-1: Ball
1-1: Foul Ball, location: 2F
1-2: Ground out 5-3 (Groundball, 56)
Top of the 6th over - 0 runs, 0 hits, 0 errors, 1 left on base; Springfield 1 - Long Island 2
BOTTOM OF THE 6TH
Long Island Seawolves batting - Pitching for Springfield Shooters : LHP Mike McKay
Batting: RHB Abad Lugo 0-0: Called Strike
0-1: SINGLE (Groundball, 34D)
Batting: RHB Alfredo Escalante 0-0: Ball
1-0: Called Strike
1-1: Foul Ball, location: 2F
1-2: Ground out 6-3 (Groundball, 56)
Abad Lugo to second
Batting: RHB DeAndre Thomas 0-0: Ball
1-0: Ball
2-0: Ball
3-0: Called Strike
3-1: Fly out, F7 (Line Drive, 7D)
Pitching: RHP Roy Gartner
Batting: RHB Jeff MacCamie 0-0: Ball
1-0: Ball
2-0: Called Strike
2-1: Ball
3-1: Base on Balls
Batting: LHB Pedro Colón 0-0: Called Strike
0-1: Ball
1-1: Foul Ball, location: 2F
1-2: SINGLE (Line Drive, 7S)
Abad Lugo to third
Jeff MacCamie to second
Runner from 3rd tries for Home, SAFE, no throw
Batting: RHB Emanuel Bree 0-0: Ball
1-0: Foul Ball, location: 2F
1-1: Ball
2-1: Foul Ball, location: 2F
2-2: 3-RUN HOME RUN (Flyball, 7D), Distance : 365 ft
Batting: RHB Dale Quick 0-0: Ball
1-0: Swinging Strike
1-1: Swinging Strike
1-2: Foul Ball, location: 2F
1-2: Ball
2-2: Foul Ball, location: 2F
2-2: Strikes out swinging
Bottom of the 6th over - 4 runs, 3 hits, 0 errors, 0 left on base; Springfield 1 - Long Island 6
TOP OF THE 7TH
Springfield Shooters batting - Pitching for Long Island Seawolves : RHP Jaime Gabriel
Batting: RHB Jack Stidston 0-0: Called Strike
0-1: Ball
1-1: Foul Ball, location: 2F
1-2: Ground out 6-3 (Groundball, 6)
Batting: LHB Guillermo Castro 0-0: Called Strike
0-1: Foul Ball, location: 2F
0-2: Foul Ball, location: 2F
0-2: Strikes out swinging
Batting: RHB Mike Mays 0-0: Ball
1-0: SINGLE (Groundball, 25) (infield hit)
Batting: RHB Júlio Barajas 0-0: Foul Ball, location: 2F
0-1: Ball
1-1: Swinging Strike
1-2: Strikes out swinging
Top of the 7th over - 0 runs, 1 hit, 0 errors, 1 left on base; Springfield 1 - Long Island 6
BOTTOM OF THE 7TH
Long Island Seawolves batting - Pitching for Springfield Shooters : RHP Roy Gartner
Batting: SHB Josh Sanders 0-0: Called Strike
0-1: Foul Ball, location: 2F
0-2: Ball
1-2: Ball
2-2: Ball
3-2: Base on Balls
Batting: RHB Ricardo Pulido 0-0: Ball
1-0: Called Strike
1-1: Grounds into double play, 6-4-3 (Groundball, 6D)
Batting: RHB Abad Lugo 0-0: Ball
1-0: Called Strike
1-1: Foul Ball, location: 2F
1-2: SINGLE (Line Drive, 6MD)
Batting: RHB Alfredo Escalante 0-0: Ball
1-0: Called Strike
1-1: Ball
2-1: Ground out 5-3 (Groundball, 56S)
Bottom of the 7th over - 0 runs, 1 hit, 0 errors, 1 left on base; Springfield 1 - Long Island 6
TOP OF THE 8TH
Springfield Shooters batting - Pitching for Long Island Seawolves : RHP Jaime Gabriel
Batting: LHB César Gómes 0-0: Ball
1-0: Ground out U3 (Groundball, 3L)
Batting: RHB Barrett Drury 0-0: Ball
1-0: SINGLE (Flyball, 7S)
Batting: LHB John Schaefer 0-0: Fly out, F9 (Flyball, 9LS)
Batting: RHB Eun-bum Kim 0-0: Ball
1-0: Ground out 4-3 (Groundball, 34)
Top of the 8th over - 0 runs, 1 hit, 0 errors, 1 left on base; Springfield 1 - Long Island 6
BOTTOM OF THE 8TH
Long Island Seawolves batting - Pitching for Springfield Shooters : RHP Roy Gartner
Batting: RHB DeAndre Thomas 0-0: Ball
1-0: Ground out 5-3 (Groundball, 56)
Batting: RHB Jeff MacCamie 0-0: Called Strike
0-1: Foul Ball, location: 2F
0-2: Ground out 5-3 (Groundball, 56)
Batting: LHB Pedro Colón 0-0: Called Strike
0-1: Foul Ball, location: 2F
0-2: Ball
1-2: Foul Ball, location: 2F
1-2: Ball
2-2: Foul Ball, location: 2F
2-2: Foul Ball, location: 2F
2-2: Foul Ball, location: 2F
2-2: Ball
3-2: Fly out, F5 (Line Drive, 56)
Bottom of the 8th over - 0 runs, 0 hits, 0 errors, 0 left on base; Springfield 1 - Long Island 6
TOP OF THE 9TH
Springfield Shooters batting - Pitching for Long Island Seawolves : RHP Jaime Gabriel
Now in RF: Michael van Berkel
Batting: RHB Sébastien Bernard 0-0: Ball
1-0: SINGLE (Line Drive, 6MD)
Batting: RHB Jack Stidston 0-0: Ball
1-0: TRIPLE (Line Drive, 9D)
Sébastien Bernard scores
Batting: LHB Guillermo Castro 0-0: Ball
1-0: Ball
2-0: Called Strike
2-1: Called Strike
2-2: Fly out, F6 (Popup, 6MS)
Batting: RHB Mike Mays 0-0: Called Strike
0-1: Fly out, F9 (Flyball, 9S)
Batting: RHB Júlio Barajas 0-0: Foul Ball, location: 2F
0-1: Ball
1-1: SINGLE (Groundball, 4MD)
Jack Stidston scores
Pitching: RHP John Kraan
Batting: LHB César Gómes 0-0: Ball
1-0: Ball
2-0: Foul Ball, location: 2F
2-1: Foul Ball, location: 2F
2-2: Strikes out looking
Top of the 9th over - 2 runs, 3 hits, 0 errors, 1 left on base; Springfield 3 - Long Island 6
Sunday, March 18th, 2018 - OOTP Baseball 18.8 Build 76